Map: World of Sleepers LE

Players

Shag

  • Race: Protoss Protoss
  • Spawn Location: 7:00

Ratl - Winner!

  • Race: Protoss Protoss
  • League: Silver
  • Spawn Location: 1:00

VOD

Have the link to the VOD?

Description

Time

  • Played on: Jan. 14, 2020, 12:55 p.m.
  • Length: 12:35
Show
View Real Time Build Order
Export as new Build Order

Shag Protoss 

Build Orders: Chargelot Immortal 

Get SALT Encoding   

  12  0:02  Probe  
  13  0:21  Pylon  
  13  0:22  Probe (Chrono Boost)  
  14  0:31  Probe (Chrono Boost)  
  15  0:37  Probe  
  15  0:41  Gateway  
  16  0:54  Pylon  
  16  0:59  Assimilator  
  16  1:03  Assimilator  
  16  1:15  Probe (Chrono Boost)  
  17  1:25  Probe (Chrono Boost)  
  18  1:30  Probe (Chrono Boost), Cybernetics Core  
  19  1:41  Probe  
  20  1:47  Pylon  
  20  1:53  Probe  
  21  2:07  Warp Gate  
  21  2:34  Zealot  
  23  2:47  Twilight Council  
  23  2:57  Probe  
  24  2:58  Nexus  
  24  3:01  Zealot  
  26  3:09  Probe  
  26  3:12  Gateway  
  27  3:17  Gateway  
  27  3:20  Charge (Chrono Boost)  
  26  3:57  Zealot  
  26  3:59  Pylon  
  25  4:12  Zealot x2  
  27  4:31  Stalker  
  27  4:32  Stalker x2  
  31  4:41  Probe x2  
  33  4:53  Probe x2, Blink  
  35  5:05  Probe, Pylon  
  36  5:09  Robotics Facility  
  36  5:10  Robotics Facility  
  36  5:12  Probe  
  37  5:24  Zealot  
  37  5:25  Zealot  
  41  5:58  Pylon  
  41  5:59  Observer  
  41  6:03  Probe x2  
  44  6:15  Probe x2  
  46  6:24  Forge  
  46  6:26  Forge  
  46  6:27  Probe x2  
  46  6:28  Zealot x2  
  52  6:39  Probe x2  
  54  6:45  Assimilator  
  54  6:48  Assimilator  
  54  6:51  Probe x2  
  56  6:56  Protoss Ground Weapons Level 1 (Chrono Boost)  
  56  6:57  Gateway, Protoss Ground Armor Level 1 (Chrono Boost)  
  56  6:58  Gateway  
  56  8:13  Nexus  
  56  8:26  Stalker x5  
  66  8:32  Observer  
  66  8:34  Immortal  
  71  8:53  Immortal  
  75  9:24  Pylon, Immortal  
  75  9:27  Pylon  
  75  9:31  Pylon  
  79  9:32  Immortal  
  79  9:36  Pylon  
  83  9:59  Zealot x4  
  91  10:00  Zealot  
  91  10:04  Immortal  
  97  10:12  Dark Shrine  
  97  10:40  Immortal  
  101  10:43  Observer  
  102  10:54  Probe x3  
  105  11:04  Immortal  
  105  11:06  Probe x3  
  74  11:19  Immortal  
  74  11:22  Zealot x5  
  68  11:43  Stalker x5  
  52  12:09  Stalker x5  
Show
View Real Time Build Order
Export as new Build Order

Ratl Protoss - Winner!

Build Orders:  

Get SALT Encoding   

  12  0:01  Probe  
  13  0:13  Probe  
  14  0:19  Pylon  
  14  0:25  Probe  
  15  0:38  Gateway  
  15  0:40  Probe  
  16  0:52  Probe  
  17  0:57  Gateway  
  17  1:04  Probe  
  18  1:16  Probe, Assimilator  
  19  1:26  Cybernetics Core  
  19  1:28  Probe (Chrono Boost)  
  20  1:38  Probe (Chrono Boost)  
  21  1:43  Probe (Chrono Boost)  
  22  1:54  Probe  
  22  2:00  Assimilator  
  23  2:18  Pylon  
  23  2:33  Pylon  
  23  2:35  Warp Gate (Chrono Boost)  
  23  2:36  Probe, Adept x2  
  28  2:48  Probe  
  29  2:56  Pylon  
  29  2:58  Nexus  
  29  3:04  Probe (Chrono Boost)  
  30  3:13  Adept x2  
  30  3:14  Probe (Chrono Boost)  
  30  3:19  Probe (Chrono Boost)  
  36  3:30  Probe  
  37  3:36  Stargate  
  37  3:43  Probe  
  38  4:04  Probe  
  39  4:16  Probe  
  38  4:28  Probe  
  39  4:35  Probe  
  40  4:41  Probe (Chrono Boost)  
  41  4:50  Probe (Chrono Boost)  
  43  4:58  Probe (Chrono Boost)  
  44  5:00  Probe (Chrono Boost)  
  44  5:08  Assimilator, Robotics Facility  
  44  5:09  Stargate  
  44  5:11  Fleet Beacon, Assimilator  
  44  5:13  Probe x2  
  46  5:20  Pylon  
  46  5:25  Probe x2  
  48  5:28  Zealot x2  
  48  5:30  Shield Battery  
  52  5:40  Shield Battery  
  52  5:42  Shield Battery  
  46  5:43  Gateway  
  46  5:44  Gateway  
  46  5:47  Protoss Air Weapons Level 1 (Chrono Boost)  
  46  5:51  Probe x2  
  48  6:00  Warp Prism  
  48  6:03  Probe x2  
  52  6:06  Unknown  
  52  6:12  Void Ray  
  52  6:14  Void Ray  
  60  6:28  Stalker x2  
  64  6:35  Pylon  
  64  6:36  Immortal  
  68  6:40  Probe x2  
  68  6:45  Pylon  
  70  6:50  Pylon  
  70  6:53  Probe x2  
  72  6:59  Stalker x2  
  76  7:05  Probe x2  
  78  7:16  Observer (Chrono Boost)  
  79  7:23  Oracle x2  
  85  7:42  Forge  
  85  8:06  Stalker x4  
  93  8:43  Nexus  
  93  8:45  Assimilator  
  93  8:50  Assimilator  
  93  8:51  Probe  
  93  8:53  Pylon  
  93  8:54  Pylon  
  94  8:58  Pylon  
  94  9:00  Pylon  
  94  9:01  Pylon  
  94  9:02  Pylon  
  94  9:05  Pylon  
  94  9:07  Pylon  
  94  9:09  Protoss Air Armor Level 1 (Chrono Boost)  
  94  9:10  Photon Cannon  
  94  9:11  Immortal, Void Ray  
  94  9:12  Probe x2, Void Ray  
  108  9:19  Stalker  
  108  9:20  Stalker  
  112  9:24  Probe x2  
  112  9:25  Photon Cannon  
  114  9:53  Immortal  
  114  9:54  Void Ray  
  114  9:55  Void Ray  
  126  10:04  Probe x3  
  129  10:15  Stalker x2  
  129  10:16  Stalker x2  
  137  10:40  Void Ray x2  
  145  10:52  Immortal  
  149  10:58  Stalker  
  149  10:59  Zealot x3  
  122  11:39  Void Ray x2  
  126  11:57  Assimilator, Nexus  
  126  12:00  Assimilator  
  126  12:01  Pylon  
  122  12:02  Pylon  
  122  12:06  Pylon  
  122  12:07  Stalker  
  122  12:08  Stalker x3  
  134  12:23  Gateway  
  134  12:25  Gateway x2  
Tags
 
League
Silver
Matchup
PvP
Spawn Locations
Cross Positions
Add a new tag
Caveats
  • Supply blocks, unpowered buildings, or Contaminate may cause inaccurate times.
  • Supply counts are checked every 10 seconds.